 Dungeon Crawl Stone Soup version 0.27.1-37-g7b29ead8ac (console) character file.

Game seed: 13998988984338571266

253498 grimtooth the Gelid (level 18, -17/231 HPs)
             Began as a Demigod Ice Elementalist on June 18, 2023.
             Shot with an arrow by a deep elf master archer (38 damage)
             ... on level 3 of the Elven Halls on June 19, 2023.
             The game lasted 06:33:16 (60959 turns).

grimtooth the Gelid (Demigod Ice Elementalist)     Turns: 60959, Time: 06:33:17

Health: -17/231    AC: 12    Str: 17    XL:     18   Next: 67%
Magic:  4/36       EV: 16    Int: 38    God:
Gold:   1845       SH: 15    Dex: 14    Spells: 3/35 levels left

rFire    + + +     SeeInvis .   b - +11 dagger
rCold    + + +     Faith    .   Z - +2 shield of Resistance {rF++ rC++ Will++}
rNeg     . . .     Spirit   .   d - +2 robe "Micvoej" {Int+5}
rPois    +         Reflect  .   s - +1 helmet
rElec    +         Harm     .   Y - +2 cloak {rC+}
rCorr    +         Rampage  .   F - +0 pair of gloves
Will     +++..                  (no boots)
Stlth    ..........             e - amulet of the acrobat
HPRegen  0.48/turn              R - ring "Yduczis" {Wiz Fly}
MPRegen  0.25/turn              X - ring of wizardry

@: brilliant, berserking, resistant, flying, hasted, very quick
A: high mp 1, forlorn
}: 1/15 runes: serpentine
a: no special abilities


You were on level 3 of the Elven Halls.
You visited 6 branches of the dungeon, and saw 33 of its levels.
You also visited: Ossuary, Gauntlet and Ice Cave.

You collected 3123 gold pieces.
You spent 1278 gold pieces at shops.

Inventory:

Hand Weapons
 a - a +2 dagger of electrocution
 b - a +11 dagger (weapon)
Missiles
 m - 21 boomerangs (quivered)
 v - a throwing net {=f}
 N - 3 curare-tipped darts
Armour
 d - the +2 robe "Micvoej" (worn) {Int+5}
   (You found it on level 5 of the Dungeon)

   Int:       It affects your intelligence (+5).
 s - a +1 helmet (worn)
 F - a +0 pair of gloves (worn)
 J - the +1 leather armour "Xuin" {Rampage Int+6 Slay+3}
   (You found it in a Gauntlet)

   Int:       It affects your intelligence (+6).
   Slay:      It affects your accuracy & damage with ranged weapons and melee
   (+3).
   Rampage:   It bestows one free step when moving towards enemies.
 Y - a +2 cloak of cold resistance (worn)
 Z - the +2 shield of Resistance (worn) {rF++ rC++ Will++}
   (You found it in a Gauntlet)

   rF:        It greatly protects you from fire.
   rC:        It greatly protects you from cold.
   Will:      It greatly increases your willpower.
Jewellery
 e - an amulet of the acrobat (around neck)
 x - a ring of magical power
 C - a +4 ring of slaying
 K - a ring of poison resistance
 P - a +4 ring of protection
 R - the ring "Yduczis" (left hand) {Wiz Fly}
   (You found it in a Gauntlet)

   [ring of wizardry]

   It improves your spell success rate.
   Fly:       It grants you flight.
 X - a ring of wizardry (right hand)
Wands
 g - a wand of digging (17)
 n - a wand of flame (68)
 y - a wand of polymorph (59)
 B - a wand of charming (23)
 S - a wand of paralysis (9)
 T - a wand of acid (5)
Scrolls
 f - 5 scrolls of summoning
 p - 2 scrolls of vulnerability
 r - 3 scrolls of fog
 U - 5 scrolls of teleportation
 W - 4 scrolls of magic mapping
Potions
 h - 2 potions of resistance
 i - 3 potions of might
 j - 3 potions of flight
 k - 4 potions of curing
 l - 5 potions of invisibility
 u - 6 potions of brilliance
 E - 4 potions of cancellation
 L - 2 potions of ambrosia
 O - 4 potions of haste
Miscellaneous
 c - a phial of floods (inert)


   Skills:
 * Level 12.3 Fighting
 - Level 3.0 Short Blades
 * Level 9.3 Armour
 - Level 9.0 Dodging
 - Level 3.0 Stealth
 - Level 15.0 Shields
 - Level 9.0 Spellcasting
 - Level 7.0 Conjurations
 + Level 19.9 Ice Magic
 - Level 6.0 Air Magic


You had 3 spell levels left.
You knew the following spells:

 Your Spells              Type           Power      Damage    Failure   Level
a - Freeze                Ice            100%       1d11      0%          1
b - Frozen Ramparts       Ice            100%       1d12      0%          3
c - Ozocubu's Armour      Ice            100%       N/A       0%          3
d - Hailstorm             Conj/Ice       100%       3d20      1%          4
e - Ensorcelled Hibernat  Hex/Ice        100%       N/A       1%          2
f - Freezing Cloud        Conj/Ice/Air   50%        6-21      1%          5
g - Metabolic Englaciati  Hex/Ice        48%        N/A       1%          5
x - Polar Vortex          Ice            65%        N/A       17%         9

Your spell library contained the following spells:

 Spells                   Type           Power      Damage    Failure   Level
 Magic Dart               Conj           100%       1d8       1%          1
 Shock                    Conj/Air       100%       1d9       1%          1
 Call Imp                 Summ           25%        N/A       1%          2
 Searing Ray              Conj           100%       3d7       1%          2
 Call Canine Familiar     Summ           25%        N/A       1%          3
 Gell's Gravitas          Tloc           12%        N/A       1%          3
 Lesser Beckoning         Tloc           12%        N/A       1%          3
 Mephitic Cloud           Conj/Pois/Air  66%        N/A       1%          3
 Portal Projectile        Hex/Tloc       50%        N/A       1%          3
 Spider Form              Tmut/Pois      12%        N/A       1%          3
 Stone Arrow              Conj/Erth      100%       3d13      1%          3
 Swiftness                Air            76%        N/A       1%          3
 Teleport Other           Tloc           25%        N/A       1%          3
 Airstrike                Air            38%        N/A       1%          4
 Fulminant Prism          Conj/Hex       30%        3d16      1%          4
 Simulacrum               Ice/Necr       48%        N/A       1%          6
 Fireball                 Conj/Fire      30%        3d13      4%          5
 Animate Armour           Summ/Erth      50%        N/A       6%          4
 Animate Dead             Necr           12%        N/A       6%          4
 Leda's Liquefaction      Hex/Erth       12%        N/A       6%          4
 Petrify                  Tmut/Erth      25%        N/A       6%          4
 Alistair's Intoxication  Tmut/Pois      16%        N/A       16%         5
 Borgnjor's Vile Clutch   Necr/Erth      12%        N/A       16%         5
 Summon Forest            Summ/Tloc      12%        N/A       16%         5
 Starburst                Conj/Fire      30%        6d9       21%         6
 Death Channel            Necr           12%        N/A       61%         6
 Eringya's Noxious Bog    Tmut/Pois      12%        N/A       61%         6
 Shadow Creatures         Summ           N/A        N/A       61%         6
 Statue Form              Tmut/Erth      16%        N/A       61%         6
 Malign Gateway           Summ/Tloc      12%        N/A       98%         7
 Summon Hydra             Summ           12%        N/A       98%         7
 Ignition                 Fire           12%        3d6       100%        8
 Lehudib's Crystal Spear  Conj/Erth      30%        10d8      100%        8
 Summon Horrible Things   Summ           12%        N/A       100%        8


Dungeon Overview and Level Annotations

Branches:
Dungeon (15/15)            Temple (0/1) D:5            Lair (6/6) D:11
  Swamp (3/4) Lair:3        Snake (4/4) Lair:4        Slime (0/5) Lair:6
    Orc (2/2) D:12            Elf (3/3) Orc:2        Vaults (0/5) D:14
 Depths (0/5) D:15        Ossuary (visited)           IceCv (visited)
Gauntlet (visited)

Shops:
D:3 [   D:4 :   D:5 [   D:8 ?   D:10 *[!*(   Orc:2 [*=!   Snake:3 !

Portals:
Trove: Elf:1 (give +2 gold dragon scales)

Annotations:
D:15 3 runed translucent doors, tkbsonic5's ghost, adept DjFE
Lair:4 Rupert
Lair:6 exclusion: 3 oklob plants
Swamp:3 Bai Suzhen


Innate Abilities, Weirdness & Mutations

Your attributes grow dramatically as you level up.
You have an increased reservoir of magic. (+10% MP)
You shall have no god before yourself.


Message History

Casting: Hailstorm (safe; 1% risk of failure)
Press: ? - help, Dir - look around, f - activate You feel a surge of power!
A cannonade of hail descends around you!
The hail pelts the deep elf annihilator!!!
The deep elf annihilator is almost dead.
The deep elf elementalist hits you with a +0 long sword!
* * * LOW HITPOINT WARNING * * *
Okay, then.
Press: ? - help, v - describe, . - travel
Here: a deep elf master archer, wielding a +0 longbow, wearing a +0 leather armour and quivering arrows (severely wounded, slow)
The floor.
A red film seems to cover your vision as you go berserk!
You feel yourself moving faster!
You feel mighty!
The deep elf master archer shoots an arrow.
You block the arrow.
You block the deep elf elementalist's attack.
The deep elf annihilator gestures at you while chanting.
The iron shot hits you!!!
* * * LOW HITPOINT WARNING * * *
You hit the deep elf annihilator.
The deep elf annihilator is almost dead.
A deep elf annihilator comes into view. It is wielding a staff of cold.
The deep elf master archer shoots an arrow.
The arrow misses you.
The arrow hits the deep elf elementalist!!
The deep elf elementalist hits you but does no damage.
You hit the deep elf annihilator.
You kill the deep elf annihilator!
The deep elf master archer shoots an arrow.
The arrow barely misses you.
The arrow hits the deep elf elementalist!
The deep elf elementalist dies!
The deep elf annihilator points at you and mumbles some strange words.
You block the iron shot.
You completely miss the deep elf master archer.
The deep elf master archer is severely wounded.
The deep elf master archer shoots an arrow.
The arrow hits you!!!
You die... e.. #...# $). #...' ))e

#...# ##)## #...# #.).# #...#
#)).# #...# #○).### #...#
##############e##°###########...#
#...........'≈≈≈....§..'.......##
#...........#)..)...§..#......##.
#...........#..)@e)....#.....##..
#'########'#####)#######'#####...
#............................'.).
#............................#...
###############################..
#≈≈≈≈≈≈≈≈≈≈≈≈≈≈≈≈≈≈≈≈≈≈≈≈≈≈≈≈≈##.
#≈≈≈≈≈≈≈≈≈≈≈≈≈≈≈≈≈≈≈≈≈≈≈≈≈≈≈≈≈≈##
#...................)........≈≈≈≈
#..............................≈≈
#................................
#................................


You could see a deep elf master archer (slow) and a deep elf annihilator.

Vanquished Creatures
  Jorgrun (Snake:2)
  A deep elf blademaster (Elf:3)
  2 deep elf master archers (Elf:3)
  8 nagarajas
  3 deep elf sorcerers (Elf:3)
  A frost giant (IceCv)
  Aizul (Elf:1)
  4 deep elf elementalists (Elf:3)
  A stone giant (D:15)
  5 deep elf demonologists
  A dire elephant (Lair:6)
  A minotaur (Gauntlet)
  4 deep elf annihilators (Elf:3)
  8 bunyips
  3 eleionomae
  A shambling mangrove (Swamp:2)
  3 deep elf death magi (Elf:3)
  6 deep elf high priests (Elf:3)
  A yaktaur captain (D:9)
  A vault guard (D:14)
  19 naga warriors
  4 boulder beetles
  13 hydras
  Erolcha (D:11)
  A salamander tyrant (Snake:3)
  13 anacondas
  A catoblepas (D:9)
  2 centaur warriors
  An ogre mage (D:14)
  10 dancing weapons
  2 death knights
  A merfolk avatar (Lair:6)
  6 two-headed ogres
  4 tengu warriors
  6 death yaks
  3 alligators (Swamp:2)
  3 orc high priests (Orc:2)
  5 shock serpents
  19 naga sharpshooters
  4 salamander mystics
  Nergalle (Lair:2)
  16 deep elf knights
  A skeletal warrior (D:13)
  A sea snake (Lair:6)
  3 goliath frogs
  13 deep elf archers
  6 naga ritualists
  A bog body (Lair:3)
  2 swamp dragons
  A harpy (Lair:6)
  19 deep elf zephyrmancers
  A lindwurm (Lair:4)
  30 deep elf pyromancers
  4 orc sorcerers (Orc:2)
  A phantasmal warrior (D:13)
  4 will-o-the-wisps
  6 mana vipers
  7 orc knights
  3 ugly things
  25 elephants
  A manticore (Lair:6)
  5 cyclopes
  18 salamanders
  A guardian serpent (shapeshifter) (D:15)
  15 naga magi
  8 guardian serpents
  An ice statue (IceCv)
  35 black mambas
  A gargoyle (D:14)
  17 cane toads
  A torpor snail (Lair:4)
  3 freezing wraiths
  6 kobold demonologists
  9 komodo dragons
  2 ice devils (Lair:6)
  3 tengu conjurers
  8 rime drakes
  7 trolls
  2 wind drakes
  6 meliai
  12 polar bears
  A tyrant leech (Lair:3)
  A dream sheep (Lair:4)
  A raiju (Gauntlet)
  13 slime creatures
  6 hornets
  23 blink frogs
  A meliai zombie (D:11)
  6 wraiths
  5 shadows
  A snapping turtle (Lair:6)
  2 spriggans (Swamp:2)
  5 wyverns
  A redback (shapeshifter) (D:15)
  5 air elementals
  4 fire elementals
  68 yaks
  A hog (shapeshifter) (Elf:2)
  7 basilisks
  3 steam dragons
  A hog (Lair:3)
  11 vampire mosquitoes
  4 wargs
  41 nagas
  4 acid dragons
  12 water moccasins
  8 swamp worms
  2 swamp drakes
  3 sky beasts
  23 orc warriors
  2 ice beasts
  2 black bears
  2 necrophages
  10 ogres
  26 wolves
  5 centaurs
  10 kobold brigands
  A phantom (D:6)
  13 bullfrogs
  4 gnoll sergeants
  5 earth elementals
  2 water moccasin zombies (D:5)
  3 killer bees (D:11)
  6 wights (D:8)
  3 electric eels
  4 howler monkeys
  A crimson imp (Orc:2)
  6 centaur zombies
  2 lava snakes
  2 bullfrog zombies
  An iron imp (Orc:2)
  8 jellies
  A human zombie (Ossuary)
  15 orc priests
  A hound (D:5)
  A gnoll shaman (D:8)
  A bullfrog skeleton (D:5)
  24 orc wizards
  Ijyb (D:3)
  2 iguanas (D:5)
  4 hell rats (Lair:6)
  A hound zombie (D:5)
  5 mummies
  2 howler monkey zombies
  24 gnolls
  8 adders
  2 shadow imps
  2 white imps
  2 ufetubi (D:5)
  2 worms
  3 dart slugs
  54 orcs
  5 bats
  4 endoplasms
  2 giant cockroaches
  10 goblins
  9 hobgoblins
  3 jackals (D:3)
  8 quokkas
  5 ball pythons
  6 frilled lizards
  A hobgoblin zombie (Ossuary)
  28 kobolds
  3 kobold zombies (Ossuary)
  An orc zombie (Ossuary)
  5 rats
1106 creatures vanquished.

Vanquished Creatures (collateral kills)
  A naga warrior (Snake:3)
1 creature vanquished.

Vanquished Creatures (others)
  A deep elf elementalist (Elf:3)
  A naga warrior (Snake:2)
  A deep elf knight (Elf:1)
  A bloated husk (Swamp:2)
  3 bushes (Lair:6)
  A fire vortex (Lair:2)
  40 foxfires
  54 fungi
  99 plants
201 creatures vanquished.

Grand Total: 1308 creatures vanquished

Notes
Turn   | Place    | Note
-------+----------+-------------------------------------------
     0 | D:1      | grimtooth the Demigod Ice Elementalist began the quest for
                  | the Orb.
     0 | D:1      | Reached XP level 1. HP: 14/14 MP: 5/5
   357 | D:1      | Reached skill level 4 in Ice Magic
   433 | D:1      | Reached XP level 2. HP: 14/20 MP: 2/7
  1523 | D:2      | Reached XP level 3. HP: 26/26 MP: 4/8
  1811 | D:2      | Reached skill level 5 in Ice Magic
  2231 | D:3      | Noticed Ijyb
  2240 | D:2      | Learned a level 3 spell: Frozen Ramparts
  2373 | D:3      | Found Muuvy's Antique Armour Emporium.
  2614 | D:3      | Reached XP level 4. HP: 33/33 MP: 9/9
  3536 | D:4      | Found Xaynt's Self-Improvement Boutique.
  3570 | D:4      | Reached skill level 6 in Ice Magic
  3570 | D:4      | Reached XP level 5. HP: 34/38 MP: 5/10
  3574 | D:4      | Learned a level 3 spell: Ozocubu's Armour
  3938 | D:4      | Noticed an ogre
  3954 | D:4      | Killed an ogre
  3965 | D:4      | Reached XP level 6. HP: 43/45 MP: 2/13
  4525 | D:5      | Entered Level 5 of the Dungeon
  4565 | D:5      | Found a staircase to the Ecumenical Temple.
  4566 | D:5      | - now this is choice
  4665 | D:5      | Identified the +2 robe "Micvoej" {Int+5}
  5470 | D:5      | Reached skill level 7 in Ice Magic
  5470 | D:5      | Reached XP level 7. HP: 49/50 MP: 11/14
  5567 | D:5      | Found Utumu's Antique Armour Shoppe.
  6080 | D:6      | Reached skill level 5 in Dodging
  6575 | D:6      | Reached skill level 8 in Ice Magic
  6781 | D:6      | Reached XP level 8. HP: 57/57 MP: 9/15
  6978 | D:6      | Reached skill level 9 in Ice Magic
  7317 | D:6      | Learned a level 4 spell: Hailstorm
  7520 | D:7      | Found a sand-covered staircase.
  7564 | Ossuary  | Entered an ossuary
  7619 | Ossuary  | Reached skill level 10 in Ice Magic
  8178 | D:7      | Reached skill level 5 in Spellcasting
  8784 | D:8      | Reached XP level 9. HP: 60/62 MP: 15/21
  9133 | D:8      | Noticed a two-headed ogre
  9155 | D:8      | Killed a two-headed ogre
  9156 | D:8      | Reached skill level 12 in Ice Magic
  9264 | D:8      | Reached skill level 1 in Fighting
  9377 | D:8      | Found Ozaifez's Magic Scroll Shoppe.
  9383 | D:8      | Bought a scroll of teleportation for 33 gold pieces
  9383 | D:8      | Bought a scroll of teleportation for 33 gold pieces
  9383 | D:8      | Bought a scroll of magic mapping for 38 gold pieces
  9383 | D:8      | Bought a scroll of identify for 22 gold pieces
  9383 | D:8      | Bought a scroll of identify for 22 gold pieces
  9383 | D:8      | Bought a scroll of identify for 22 gold pieces
  9383 | D:8      | Bought a scroll of identify for 22 gold pieces
  9383 | D:8      | Bought a scroll of identify for 22 gold pieces
 10152 | D:9      | Noticed a yaktaur captain
 10152 | D:9      | Noticed a deep elf pyromancer
 10339 | D:9      | Noticed a two-headed ogre
 10347 | D:9      | Killed a two-headed ogre
 10348 | D:9      | Reached skill level 5 in Fighting
 11061 | D:9      | Noticed a tengu conjurer
 11062 | D:9      | Noticed a five-headed hydra
 11063 | D:9      | Noticed a four-headed hydra
 11065 | D:9      | Noticed a catoblepas
 11122 | D:10     | Entered Level 10 of the Dungeon
 11126 | D:10     | Reached XP level 10. HP: 60/83 MP: 10/22
 11693 | D:10     | Found Ivvyumei's Assorted Antiques.
 11696 | D:10     | Bought a scroll of identify for 44 gold pieces
 11718 | D:10     | Found Lashexza's Distillery.
 11754 | D:10     | Found Ajeddef's Assorted Antiques.
 11759 | D:10     | Bought a sapphire potion for 25 gold pieces
 11759 | D:10     | Bought a sedimented orange potion for 25 gold pieces
 11886 | D:10     | Found Zufuur's Weapon Emporium.
 12165 | D:10     | Found Ininon's Armour Shoppe.
 12606 | D:11     | Found a staircase to the Lair.
 12614 | D:11     | Found a gate leading to a gauntlet.
 12625 | Gauntlet | Entered a Gauntlet
 12625 | Gauntlet | Found a transporter.
 12625 | Gauntlet | Found a transporter.
 12632 | Gauntlet | Learned a level 2 spell: Ensorcelled Hibernation
 12641 | Gauntlet | Found a transporter.
 12658 | Gauntlet | Found a transporter.
 12659 | Gauntlet | Found a transporter.
 12659 | Gauntlet | Found a transporter.
 12662 | Gauntlet | Found a transporter.
 12662 | Gauntlet | Found a transporter.
 12672 | Gauntlet | Noticed a reaper
 12675 | Gauntlet | Found a transporter.
 12693 | Gauntlet | Found a transporter.
 12709 | Gauntlet | Found a transporter.
 12711 | Gauntlet | Noticed an orange crystal statue
 12716 | Gauntlet | Found a transporter.
 12761 | Gauntlet | Found a transporter.
 12761 | Gauntlet | Noticed a shining eye
 12777 | Gauntlet | Found a transporter.
 13054 | Gauntlet | Identified the +1 leather armour "Xuin" {Rampage Int+6
                  | Slay+3}
 13169 | Gauntlet | Identified the ring "Yduczis" {Wiz Fly}
 13299 | Gauntlet | Found the +2 shield of Resistance {rF++ rC++ Will++}
 13324 | Gauntlet | Noticed a minotaur
 13330 | Gauntlet | Killed a minotaur
 13485 | D:11     | Noticed a five-headed hydra
 13505 | D:11     | Reached skill level 1 in Shields
 13505 | D:11     | Reached XP level 11. HP: 93/95 MP: 9/24
 13516 | D:11     | Killed a five-headed hydra
 13524 | D:11     | Noticed a two-headed ogre
 13533 | D:11     | Killed a two-headed ogre
 13867 | D:11     | Noticed a boulder beetle
 13876 | D:11     | Killed a boulder beetle
 14103 | D:11     | Reached skill level 5 in Shields
 14249 | D:11     | Noticed an orc knight
 14279 | D:11     | Killed an orc knight
 14818 | D:11     | Noticed a boulder beetle
 14829 | D:11     | Killed a boulder beetle
 15075 | D:11     | Noticed Erolcha
 15158 | D:12     | Noticed a skeletal warrior
 15161 | D:12     | Noticed a skeletal warrior
 15202 | Lair:1   | Entered Level 1 of the Lair of Beasts
 15633 | Lair:1   | Reached skill level 1 in Short Blades
 15821 | Lair:1   | Noticed a seven-headed hydra
 15833 | Lair:1   | Killed a seven-headed hydra
 16277 | Lair:2   | Reached XP level 12. HP: 80/104 MP: 18/25
 17307 | Lair:2   | Noticed Nergalle
 17369 | Lair:2   | Reached skill level 10 in Shields
 17529 | Lair:2   | Killed Nergalle
 18610 | Lair:3   | Noticed a five-headed hydra
 18625 | Lair:3   | Killed a five-headed hydra
 18695 | Lair:3   | Noticed Sonja
 18696 | Lair:3   | Noticed Sonja
 18696 | Lair:3   | Sonja changed into Sonja the hog
 18702 | Lair:3   | Killed Sonja the hog
 19102 | Lair:3   | Found a staircase to the Swamp.
 19134 | Lair:4   | Found a staircase to the Snake Pit.
 19200 | Lair:4   | Noticed Rupert
 19238 | Lair:4   | Noticed an eight-headed hydra
 19248 | Lair:4   | Killed an eight-headed hydra
 19703 | Lair:4   | Reached XP level 13. HP: 111/111 MP: 19/26
 19934 | Lair:4   | Reached skill level 10 in Fighting
 20205 | Lair:4   | Identified the +6 plate armour "Loruicypygg" {Str+4 Int+6}
 21959 | Lair:5   | Reached skill level 1 in Armour
 22128 | Lair:6   | Entered Level 6 of the Lair of Beasts
 22364 | Lair:6   | Found a frozen archway.
 22622 | IceCv    | Entered an ice cave
 22850 | IceCv    | - aaa too much crap... i hate forgetting to drop
 23550 | IceCv    | Noticed a frost giant
 23576 | IceCv    | Killed a frost giant
 23987 | IceCv    | Reached skill level 5 in Armour
 24307 | IceCv    | Identified the +5 glaive of Valour {pain, rPois rF+ rC-
                  | Str+4}
 24679 | Lair:6   | Noticed a dire elephant
 24686 | Lair:6   | Reached XP level 14. HP: 126/126 MP: 21/27
 24701 | Lair:6   | Reached skill level 13 in Ice Magic
 26102 | Lair:6   | Found a staircase to the Slime Pits.
 27506 | Lair:3   | Reached skill level 14 in Ice Magic
 28232 | D:3      | Killed Ijyb
 29576 | D:9      | Identified the +0 ring mail "Guentil" {rC+ Will+ Str+4}
 29948 | D:11     | Killed Erolcha
 29983 | D:11     | Learned a level 5 spell: Freezing Cloud
 30509 | D:12     | Found a staircase to the Orcish Mines.
 30971 | Orc:1    | Entered Level 1 of the Orcish Mines
 31256 | Orc:2    | Entered Level 2 of the Orcish Mines
 31299 | Orc:2    | Found a staircase to the Elven Halls.
 31900 | Orc:1    | Reached skill level 1 in Conjurations
 31904 | Orc:1    | Reached skill level 1 in Air Magic
 32676 | Orc:1    | Reached XP level 15. HP: 127/132 MP: 21/28
 33086 | Orc:2    | Reached skill level 15 in Ice Magic
 33521 | Orc:2    | Found Inohuh's Distillery.
 33521 | Orc:2    | Found Rywor's Jewellery Boutique.
 33533 | Orc:2    | Found Miuris's General Store.
 33533 | Orc:2    | Found Vapnad's Armour Emporium.
 33592 | Orc:2    | Bought a potion of heal wounds for 65 gold pieces
 33592 | Orc:2    | Bought a potion of brilliance for 52 gold pieces
 33592 | Orc:2    | Bought a potion of brilliance for 52 gold pieces
 33592 | Orc:2    | Bought a potion of magic for 104 gold pieces
 35569 | D:14     | Reached skill level 5 in Conjurations
 35569 | D:14     | Reached skill level 5 in Air Magic
 36781 | D:14     | Found a gate to the Vaults.
 36899 | D:15     | Entered Level 15 of the Dungeon
 36978 | D:15     | Found a staircase to the Depths.
 37285 | D:15     | Found a runed translucent gate.
 37285 | D:15     | Found a runed translucent gate.
 37285 | D:15     | Found a runed translucent gate.
 37287 | D:15     | Noticed tkbsonic5's ghost (adept DjFE)
 38781 | Swamp:1  | Entered Level 1 of the Swamp
 39577 | Swamp:2  | Noticed a tentacled monstrosity
 41271 | Swamp:2  | Reached XP level 16. HP: 57/139 MP: 14/30
 41282 | Swamp:2  | - waaaat
 41921 | Swamp:2  | Reached skill level 16 in Ice Magic
 42188 | Swamp:2  | - this guy is a problem
 42538 | Swamp:3  | Noticed Bai Suzhen
 42539 | Swamp:3  | - ok swamp is feeling ugly
 42614 | Snake:1  | Entered Level 1 of the Snake Pit
 42720 | Snake:1  | - this smells like vashnia
 44250 | Snake:2  | HP: 1/139 [constriction (6)]
 44251 | Snake:2  | - waaaa
 45027 | Snake:2  | Noticed Jorgrun
 45152 | Snake:2  | Reached skill level 17 in Ice Magic
 45757 | Snake:2  | Killed Jorgrun
 45964 | Snake:2  | Learned a level 5 spell: Metabolic Englaciation
 47569 | Snake:3  | Reached XP level 17. HP: 97/146 MP: 13/31
 48205 | Snake:3  | Found Fiejia's Distillery.
 48236 | Snake:3  | Identified the +2 hand crossbow of Sunlight {elec, rPois
                  | rF+ Will+ Str+4}
 48321 | Snake:4  | Entered Level 4 of the Snake Pit
 48615 | Snake:4  | Reached skill level 18 in Ice Magic
 50638 | Snake:3  | - how is this happening
 50692 | Snake:3  | Bought a potion of heal wounds for 75 gold pieces
 52525 | Snake:4  | Got a serpentine rune of Zot
 52814 | Elf:1    | Entered Level 1 of the Elven Halls
 52818 | Elf:1    | Paralysed by an air elemental for 1 turns
 52823 | Elf:1    | Paralysed by an air elemental for 1 turns
 52886 | Elf:1    | Paralysed by an air elemental for 1 turns
 52891 | Elf:1    | Reached skill level 19 in Ice Magic
 53423 | Elf:1    | Noticed a Brimstone Fiend
 53916 | Elf:1    | Paralysed by an air elemental for 1 turns
 53994 | Elf:1    | Noticed Aizul
 54026 | Elf:1    | Killed Aizul
 54796 | Elf:1    | Found a portal to a secret trove of treasure.
 54880 | Elf:2    | Paralysed by an air elemental for 1 turns
 55619 | Elf:2    | Reached skill level 15 in Shields
 55962 | Elf:2    | Reached XP level 18. HP: 134/154 MP: 32/32
 56092 | Elf:2    | Found a runed translucent gate.
 56093 | Elf:2    | Found a runed translucent gate.
 56093 | Elf:2    | Found a runed translucent gate.
 56307 | Elf:3    | Entered Level 3 of the Elven Halls
 57929 | Elf:2    | - goddam hatches
 58368 | Orc:2    | Bought a potion of curing for 39 gold pieces
 58368 | Orc:2    | Bought a potion of curing for 39 gold pieces
 58368 | Orc:2    | Bought a potion of curing for 39 gold pieces
 58368 | Orc:2    | Bought a potion of curing for 39 gold pieces
 58496 | D:10     | Bought a potion of heal wounds for 60 gold pieces
 58526 | D:10     | Bought a silver wand for 112 gold pieces
 58526 | D:10     | Bought a scroll of teleportation for 84 gold pieces
 58526 | D:10     | Bought a scroll of blinking for 210 gold pieces
 59988 | Elf:3    | Learned a level 9 spell: Polar Vortex
 60379 | Elf:3    | Noticed a Tzitzimitl
 60383 | Elf:3    | - this is pretty dicey
 60416 | Elf:3    | - ugh these lightning bolts
 60935 | Elf:3    | Identified the +5 broad axe "Hampu" {freeze, rF++}
 60935 | Elf:3    | Identified the ring of Suhiwy {rC+ rCorr MP+9 Str+2}
 60949 | Elf:3    | Identified the ring of Past Mistakes {rPois Int+6}
 60954 | Elf:3    | - danger zone
 60959 | Elf:3    | Shot with an arrow by a deep elf master archer

Illustrated notes ############# #.#........#<.# ####.#.######.#.## $.:.#.# #.#.# >..#.# #.#.# # ).#.######.#.## #.##.#...........# #....########.#### #.@........# ############ Turn 4566 on D:5: - now this is choice ##### ## ###...## .## ##......# #.## ##...##..# .#.####...##...# .####.††####..## ⌠.##...####..## ## ...##..###..#.##.## ..###..##....#..#$# .†####..##..##.#@## #...#.....#..##.#[# ##....#.####..##### ######## ##.## #..## ##...# #...## ##...# #...# #.∩.# ##.†## Turn 22850 on IceCv: - aaa too much crap... i hate forgetting to drop ≈≈≈.≈≈≈..≈.≈.♣♣♣ .≈≈..≈≈.....≈≈≈.. ≈.......≈≈≈≈≈≈≈≈. ♣♣..≈...≈≈≈≈≈..≈y.≈♣ ♣.≈ .≈...≈≈≈≈≈≈≈≈...≈≈≈♣♣... .≈≈..≈≈≈≈≈≈≈....≈≈≈..≈♣♣ ......≈≈...≈≈..≈≈≈§≈≈≈.○ ....≈...♣<.....≈≈≈§§≈.§. ♣≈†≈♣...♣♣..≈♣≈≈§≈≈≈○.♣ ♣♣♣.≈≈≈♣♣♣♣♣♣.≈§Xy§§§○♣ ♣♣♣.≈≈≈♣≈.§♣≈...@§≈♣ ♣.≈..≈..≈≈≈.....≈♣♣♣ ♣.≈≈≈≈†.≈≈≈≈≈.†R♣♣ ♣.≈≈≈≈.≈.§≈≈♣♣♣♣♣ .§.....♣♣...♣ ♣♣♣♣♣♣♣♣♣♣≈♣♣ ♣ ♣♣♣ Turn 41282 on Swamp:2: - waaaat

♣.≈§...≈≈≈≈≈≈≈≈≈≈♣
♣....♣≈.≈≈≈≈≈≈≈≈≈♣ ≈§≈..≈♣♣
♣♣♣♣♣♣♣♣≈.≈≈≈≈≈≈≈≈.♣ ≈≈≈t..^
♣♣..♣♣ ♣♣.§.≈≈≈≈≈..♣♣ ≈≈≈§≈.
♣≈§≈.♣ ♣.≈.≈......≈♣ ♣♣....
♣.≈≈.♣ ♣<≈≈..≈≈≈.≈≈♣ ♣≈.t♣
♣...♣♣♣..≈..≈≈≈...♣ ♣♣≈≈≈♣
♣....≈≈..♣♣.≈≈≈...♣♣♣≈.≈≈♣
♣≈..≈≈≈.♣♣≈.≈§≈.≈≈≈..≈.≈.♣♣♣♣♣
♣....≈≈≈≈≈.<.≈≈..≈≈.....≈≈≈...
♣♣♣♣.≈≈≈≈≈..≈@......≈≈≈≈≈≈≈†.♣
♣♣♣..≈≈≈≈≈.♣♣♣..≈...≈≈≈≈≈..≈^.
♣.≈≈≈§§≈≈≈...≈...≈≈≈§≈≈§≈...≈≈
♣≈≈≈≈≈§≈≈....≈≈..≈≈≈≈≈≈≈....≈≈
♣.≈≈≈≈≈≈§.≈(......≈≈X..≈§..§≈≈
♣.≈≈§≈≈§[.♣.....≈...♣<...X.≈≈≈
♣≈.≈≈....≈♣♣♣≈≈≈♣...♣♣..≈♣≈≈≈≈
♣≈......♣♣♣ ♣♣♣.≈≈≈♣♣♣♣♣♣.≈≈≈≈
♣..♣♣♣♣≈≈♣ ♣♣♣.≈≈≈♣≈.§♣≈.....
♣..♣ ♣♣♣♣ ♣.≈..≈..≈≈≈.....≈♣
♣..♣ ♣.≈≈≈≈†.≈≈≈§≈.≈.♣♣


Turn 42188 on Swamp:2: - this guy is a problem ≈..≈≈.♣. ≈..≈..≈♣ .≈≈...♣♣
...≈≈≈.♣ ♣♣ ≈≈≈≈≈<.♣ ..≈≈≈≈♣♣♣♣[≈§ ≈≈≈≈.§♣♣ ♣♣≈≈≈≈..≈.♣.≈≈
≈≈....≈≈.♣♣≈≈≈≈≈≈≈≈.≈≈≈. ≈†.≈...≈.....≈≈≈≈≈.≈≈≈.♣ <♣ ..(≈≈≈≈≈≈≈≈≈..♣
...........≈≈≈≈≈.≈≈..♣ ..###### #..≈...@w..♣ ... #..≈≈≈.≈≈.≈♣ ..#. #d.♣≈..♣♣♣♣♣
..##. #..♣.≈.≈♣≈≈♣ ..# .# ...≈≈≈§≈..♣ ... # #..♣≈≈≈.♣♣♣ #..♣≈≈≈<♣ #. ♣...♣♣ .
♣♣♣♣♣ Turn 42539 on Swamp:3: - ok swamp is feeling ugly ..##### ..N§... NN§§.§##
N§§.§○. . #§§○§# #.#§§§☼# #..§§§§# #.§§○####### #..☼§@.....# #..$.#####.######.
##########........ #......##..# #####.###### ####..)..# ####....#####
...........######## .....#####<........ ###. #########. # Turn 42720 on Snake:1:
- this smells like vashnia ####### ######## ....... #......# ....... #......#
.NN.... #......##..N§... #...<.NN#§§§○... ####.##@§S§§§... #.###S###.##. #.#
#..# ... ...# ... .... .........# ...(....## .....# Turn 44251 on Snake:2: -
waaaa #..##...##.)....... #..#............### #..##..###..#...###
#######..###..##..##...## #.........##..##..###.##. #.######..##...##..#..#..
#.# #..###.......###.. #.# #..# #............ #.## #..###......##8...
#..#######.#........'.... #..#...§@#.#........###.. #..#§§§N.#...S.N).....#..
##.#§§§§.#............##. #.#######.....S.....#.## ### ##.........###)#
##..........#.. ##.....}....(< ##.........)# ####.....).. #....##.# ##..###.#
Turn 50638 on Snake:3: - how is this happening .........# .........## .
..........###e. ............... ..........(.... ............... ...............
#..@..# ##...## ##### Turn 57929 on Elf:2: - goddam hatches #.. #.. ..... #..
§§§ #.. §§§ #.. §§§ #.. ##e## #.. #§§§# #.. #§§§# #.. #e§§# #..
##############@##############.. #...........'§§§.......'.......
#...........#e§§.......#......# #...........#§§§§......#.....##
#'########'#####+#######'#####. #............................'.
#............................#. ###############################
#≈≈≈≈≈≈≈≈≈≈≈≈≈≈≈≈≈≈≈≈≈≈≈≈≈≈≈≈≈# #≈≈≈≈≈≈≈≈≈≈≈≈≈≈≈≈≈≈≈≈≈≈≈≈≈≈≈≈≈≈
#...................)........≈≈ Turn 60383 on Elf:3: - this is pretty dicey #..
#.. ..... #.. e§§ #.. ○)§ #.. §e§ #.. ##☼## #.. #.§§# #.. #☼§§# #.. #)).# #..
##############@##############.. #...........'..........'.......
#...........#§.§.......#......# #...........#§§§§......#.....##
#'########'#####+#######'#####. #............................'.
#............................#. ###############################
#≈≈≈≈≈≈≈≈≈≈≈≈≈≈≈≈≈≈≈≈≈≈≈≈≈≈≈≈≈# #≈≈≈≈≈≈≈≈≈≈≈≈≈≈≈≈≈≈≈≈≈≈≈≈≈≈≈≈≈≈
#...................)........≈≈ Turn 60416 on Elf:3: - ugh these lightning bolts
..... #...#. e.. #...#. $). #...'. ))e #...#. ##)## #...#. #e).# #...#. #)).#
#...#. #§).### #...#. #############≈##○###########...#.
...........'≈≈≈e...§..'.......##' ...........#)..e@..§..#......##..
...........#...)e)..°.#.....##... '########'#####)#######'#####....
............................'.).. ............................#....
##############################... ≈≈≈≈≈≈≈≈≈≈≈≈≈≈≈≈≈≈≈≈≈≈≈≈≈≈≈≈≈##..
≈≈≈≈≈≈≈≈≈≈≈≈≈≈≈≈≈≈≈≈≈≈≈≈≈≈≈≈≈≈### ...................)........≈≈≈≈≈
..............................≈≈≈ ................................. Turn 60954
on Elf:3: - danger zone

Levels and vault maps discovered:
D:1:      nagdon_arrival_zigzag_paths, layout_basic,
          ebering_ecumenical_altar_petrified, minmay_statues_item
D:2:      layout_loops_ring, minmay_ruptured
D:3:      layout_basic, good_gods_mini_temple, mainiacjoe_overflow_paths,
          serial_shops, shop, uniq_ijyb
D:4:      layout_basic, okawaru_metal_pillars_3, old_standard_altar,
          nicolae_shop_self_help
D:5:      layout_basic, mainiacjoe_overflow_24_doors,
          minmay_temple_entry_offerings, serial_shops, nicolae_square_shop,
          st_stairs_4
D:6:      layout_loops_cross, mainiacjoe_overflow_brackets, serial_bayou,
          serial_bayou_pond_a, serial_bayou_pond_d, serial_bayou_pond_d,
          serial_bayou_crossing
D:7:      cheibrodos_helix_gallery, layout_rooms, serial_glass, glass_columns_a,
          glass_columns_c, glass_columns_c, glass_columns_a, glass_columns_a,
          glass_columns_a, gup_ossuary_entry_pyramid
D:8:      kennysheep_windowed_halls, layout_layer_cave,
          nicolae_overflow_hidden_temple, serial_shops, shop
D:9:      layout_basic, onia_ninara_dug_in_and_dangerous
D:10:     layout_basic, serial_shops, kennysheep_little_box, shop, shop, shop,
          nicolae_shop_behind_doors
D:11:     layout_long_grid, lair_entry_dummy, gauntlet_entry_generic,
          uniq_erolcha
D:12:     layout_stronghold, orc_0_dummy
D:13:     layout_long_grid
D:14:     layout_loops_cross, david_vaults_5, serial_park_avenue1,
          nicolae_uskayaw_suspiria
D:15:     grunt_enter_depths_giant_problem, layout_basic,
          gammafunk_ghost_hydra_chop, corexii_checkpoint_a
Lair:1:   layout_concentric_octagons
Lair:2:   layout_gridlike, infiniplex_staircase_pool_2, uniq_nergalle
Lair:3:   layout_concentric_octagons, skrybe_swamp_entry_bodies,
          nicolae_quartered_pool_little, serial_bayou_shore_b,
          lemuel_fruit_fields, uniq_sonja
Lair:4:   layout_gridlike, dummy_snake_entry, minmay_shattered_shrine,
          minmay_lair_oklob_chamber, uniq_rupert
Lair:5:   layout_small_grid
Lair:6:   gammafunk_lair_ancient_temple, layout_loops_ring,
          minmay_slime_entry_pillars, portal_ice_cave_demonic_guard,
          dpeg_oklob_1
Swamp:1:  layout_falls_marsh, evilmike_swamp_ruin_rubble_2, swamp_pool1,
          nicolae_swamp_little_swirl
Swamp:2:  layout_basic_swamp, hangedman_swamp_cone, infiniplex_staircase_pool
Swamp:3:  nzn_winding_woodlands_small [nzn_winding_woodlands_5x15_sidewinder,
          nzn_winding_woodlands_center_lodge,
          nzn_winding_woodlands_5x15_lazy_stream], layout_basic_swamp,
          serial_swamp_ruin, evilmike_swamp_ruin_house_1,
          evilmike_swamp_ruin_house_3, uniq_nikola, uniq_bai_suzhen
Snake:1:  layout_rooms, drop_trap
Snake:2:  layout_rooms, uniq_jorgrun
Snake:3:  layout_onion_interference, serial_shops, nicolae_take_the_stairs,
          st_stairs_4, grunt_megastairs_5
Snake:4:  grunt_snake_rune_serpentine_throne, layout_cave_town
Orc:1:    layout_diamond_mine
Orc:2:    st_orc_elflike, layout_diamond_mine, hangedman_minor_magic
Elf:1:    nicolae_elf_arrival_aired_out, layout_loops_corners,
          nicolae_trove_entry_crystal, minmay_elf_crystal_hexagon, uniq_aizul
Elf:2:    nicolae_elf_blades_crystal_corner, layout_rooms
Elf:3:    minmay_elf_hall_not_hex, layout_geoelf_castle, grunt_ministairs_8,
          st_stairs_2, serial_sigils_hangedman_gnaw

Skill      XL: |  1  2  3  4  5  6  7  8  9 10 11 12 13 14 15 16 17 18 |
---------------+-------------------------------------------------------+-----
Ice Magic      | 4 5 6 7 8 10 12 14 15 17 19 | 19.9
Spellcasting   | 3 5 6 9 |  9.0
Dodging        | 2 4 6 8 9 |  9.0
Fighting       | 6 8 9 12 | 12.3
Shields        | 1 8 12 13 15 | 15.0
Stealth        | 3 |  3.0
Short Blades   | 2 3 |  3.0
Armour         | 5 9 |  9.3
Conjurations   | 1 6 7 |  7.0
Air Magic      | 1 6 |  6.0

Action                   |  1- 3 |  4- 6 |  7- 9 | 10-12 | 13-15 | 16-18 || total
-------------------------+-------+-------+-------+-------+-------+-------++-------
Melee: Dagger            |    56 |   123 |   260 |   365 |  1419 |   822 ||  3045
       Broad axe         |       |       |       |       |    10 |       ||    10
Throw: Stone             |     5 |     1 |    22 |     2 |       |       ||    30
       Dart              |       |       |    10 |    29 |    85 |     1 ||   125
       Boomerang         |       |       |       |       |       |    64 ||    64
 Cast: Freeze            |    52 |    22 |    12 |    36 |    71 |    51 ||   244
       Frozen Ramparts   |       |     8 |    22 |    45 |   120 |   111 ||   306
       Ozocubu's Armour  |       |     7 |    37 |    52 |   152 |   128 ||   376
       Hailstorm         |       |       |     7 |    52 |    78 |    20 ||   157
       Ensorcelled Hiber |       |       |       |     2 |     7 |       ||     9
       Freezing Cloud    |       |       |       |       |    37 |   142 ||   179
       Metabolic Englaci |       |       |       |       |       |    29 ||    29
       Polar Vortex      |       |       |       |       |       |     2 ||     2
Evoke: Wand              |       |       |     6 |     3 |    40 |    27 ||    76
       Phial of floods   |       |       |       |       |     1 |     1 ||     2
  Use: Scroll            |       |       |    14 |     9 |     9 |    16 ||    48
       Potion            |       |       |     2 |     1 |     7 |    29 ||    39
 Stab: Sleeping          |     2 |     1 |     4 |     8 |     6 |     3 ||    24
       Distracted        |       |       |       |       |     1 |       ||     1
       Invisible         |       |       |       |       |       |     1 ||     1
Armor: Robe              |    12 |    33 |   128 |   147 |   173 |    21 ||   514
       Leather armour    |       |       |       |       |   342 |   267 ||   609
Dodge: Dodged            |    58 |   107 |   210 |   283 |   747 |   445 ||  1850
Block: Kite shield       |       |       |       |   210 |  1100 |   637 ||  1947
